 Dungeon Sprint DCSS version 0.23.2-1-ga50397a6bc (webtiles) character file.

Game seed: 7172587021306555011

1179 Kobolds4U the Carver (level 8, -4/121 HPs)
             Began as a Yellow Draconian Berserker on Apr 28, 2019.
             Was a Priest of Trog.
             Slain by a demonic crawler (7 damage)
             ... in the Dungeon (Sprint I: "Red Sonja").
             The game lasted 00:04:08 (1156 turns).

Kobolds4U the Carver (Yellow Draconian Berserker)   Turns: 1156, Time: 00:04:09

Health: -4/121     AC:  6    Str: 25    XL:     8   Next: 18%
Magic:  8/8        EV: 16    Int:  8    God:    Trog [***...]
Gold:   181        SH:  0    Dex: 12    Spells: 7/7 levels left

rFire    . . .     SeeInvis .   m - +5 scimitar (freeze)
rCold    . . .     Gourm    .   (no shield)
rNeg     . . .     Faith    .   (armour unavailable)
rPois    .         Spirit   .   (helmet restricted)
rElec    .         Reflect  .   (no cloak)
rCorr    +         Harm     .   (no gloves)
MR       ++...     NoTele   +   (no boots)
Stlth    ..........             (no amulet)
HPRegen  1.30/turn              (no ring)
MPRegen  0.11/turn              (no ring)

@: berserking, regenerating, very quick
A: spit acid, unfitting armour, cold-blooded, acid resistance, AC +6
a: Breathe Acid, Berserk, Trog's Hand, Renounce Religion


You were in the Dungeon.
You worshipped Trog.
Trog was most pleased with you.
You were not hungry.

You visited 1 branch You collected 405 gold pieces.
You spent 224 gold pieces at shops.

Inventory:

Hand Weapons
 a - a +0 falchion
 m - a +5 scimitar of freezing (weapon)
Wands
 i - a wand of polymorph (5)
Scrolls
 h - a scroll of blinking
 j - a scroll of vulnerability {unknown}
 l - a scroll of remove curse {unknown}
Potions
 c - a potion of curing
 d - a potion of heal wounds
 e - a potion of haste
 f - 2 potions of magic
 g - a potion of berserk rage
 k - a potion of brilliance {unknown}


   Skills:
 + Level 10.6 Fighting
 * Level 13.0 Long Blades
 + Level 8.4 Dodging


You had 7 spell levels left.
You didn't know any spells.
Your spell library was empty.

Dungeon Overview and Level Annotations

Branches:
Dungeon (1/1)

Altars:
Cheibriados
Dithmenos
Elyvilon
Fedhas
Gozag
Hepliaklqana
Kikubaaqudgha
Makhleb
Nemelex Xobeh
Okawaru
Qazlal
Ru
Sif Muna
Trog
Uskayaw
Vehumet
Wu Jian
Xom
Yredelemnul
Zin
The Shining One
Jiyva
Lugonu

Shops:
D (


Innate Abilities, Weirdness & Mutations

You can spit globs of acid.
Your golden yellow scales are hard. (AC +6)
You cannot fit into any form of body armour.
You are cold-blooded and may be slowed by cold attacks.
You are resistant to acid. (rCorr)


Message History

The demonic crawler hits you!
* * * LOW HITPOINT WARNING * * *
The demonic crawler misses you.
A red film seems to cover your vision as you go berserk!
You feel yourself moving faster!
You feel mighty!
You feel a lot more hungry. The demonic crawler hits you.
* * * LOW HITPOINT WARNING * * *
The demonic crawler hits you.
* * * LOW HITPOINT WARNING * * *
The demonic crawler hits you.
* * * LOW HITPOINT WARNING * * *
The demonic crawler hits you!
* * * LOW HITPOINT WARNING * * *
The demonic crawler misses you. The demonic crawler hits you.
* * * LOW HITPOINT WARNING * * *
You are too berserk!
You slash the demonic crawler! You freeze the demonic crawler.
The demonic crawler is moderately wounded.
The demonic crawler hits you!
You die...

#####################
.)..#..'..#__#..@ss.#
.#..').#..'..'..#s..##+#
###'#####'#__####s..'..#
##..#...#.#### #####..+
_####..##.# ##
____##'#_.+ .∩...'..._#
..__##_.#'# ____###+#.#


You could see 4 demonic crawlers.

Vanquished Creatures
  2 kobold demonologists (D)
  A slime creature (D)
  Sigmund (D)
  A yak (D)
  A floating eye (D)
  An ogre (D)
  A jelly (D)
  Ijyb (D)
9 creatures vanquished.

Notes
Turn   | Place    | Note
-------+----------+-------------------------------------------
     0 | D        | Kobolds4U the Draconian Berserker began the quest for the
                  | Orb.
     0 | D        | Reached XP level 1. HP: 19/19 MP: 1/1
     2 | D        | Noticed Ijyb
    32 | D        | Killed Ijyb
    32 | D        | Reached skill level 5 in Long Blades
    32 | D        | Reached XP level 2. HP: 13/28 MP: 2/2
   200 | D        | Noticed an ogre
   205 | D        | Killed an ogre
   205 | D        | Reached skill level 7 in Long Blades
   205 | D        | Reached XP level 3. HP: 37/37 MP: 3/3
   205 | D        | Reached XP level 4. HP: 44/44 MP: 4/4
   281 | D        | Noticed Sigmund
   300 | D        | Killed Sigmund
   300 | D        | Reached ** piety under Trog
   300 | D        | Reached skill level 9 in Long Blades
   300 | D        | Reached skill level 5 in Dodging
   300 | D        | Reached XP level 5. HP: 6/53 MP: 5/5
   685 | D        | Found an ornate altar of the Wu Jian Council.
   685 | D        | Found a deep blue altar of Sif Muna.
   687 | D        | Found a radiant altar of Vehumet.
   695 | D        | Reached XP level 6. HP: 26/61 MP: 6/6
   870 | D        | Found Lydas's Antique Weapon Emporium.
   870 | D        | Found an ancient bone altar of Kikubaaqudgha.
   870 | D        | Found a hazy altar of Hepliaklqana.
   870 | D        | Found a stormy altar of Qazlal.
   870 | D        | Found a hide-covered altar of Uskayaw.
   870 | D        | Found a blossoming altar of Fedhas.
   870 | D        | Found a bloodstained altar of Trog.
   870 | D        | Found an iron altar of Okawaru.
   870 | D        | Found a basalt altar of Yredelemnul.
   870 | D        | Found a glowing golden altar of the Shining One.
   870 | D        | Found a snail-covered altar of Cheibriados.
   870 | D        | Found a sacrificial altar of Ru.
   870 | D        | Found a glowing silver altar of Zin.
   870 | D        | Found a shadowy altar of Dithmenos.
   870 | D        | Found a white marble altar of Elyvilon.
   870 | D        | Noticed a yak
   871 | D        | Found an opulent altar of Gozag.
   883 | D        | Killed a yak
   883 | D        | Reached skill level 10 in Long Blades
   884 | D        | Found a sparkling altar of Nemelex Xobeh.
   888 | D        | Bought a glowing scimitar for 224 gold pieces
   989 | D        | Found a viscous altar of Jiyva.
   989 | D        | Found a corrupted altar of Lugonu.
   989 | D        | Noticed a slime creature
   990 | D        | Found a burning altar of Makhleb.
   990 | D        | Found a shimmering altar of Xom.
   997 | D        | Killed a slime creature
   997 | D        | Reached *** piety under Trog
   997 | D        | Reached skill level 11 in Long Blades
   997 | D        | Your scales start taking on a golden yellow colour.
   997 | D        | Reached XP level 7. HP: 51/70 MP: 7/7
   997 | D        | Gained mutation: You are resistant to acid. (rCorr) [Yellow
                  | Draconian growth]
  1096 | D        | Noticed a kobold demonologist
  1097 | D        | Noticed a kobold demonologist
  1099 | D        | Killed a kobold demonologist
  1099 | D        | Reached skill level 10 in Fighting
  1099 | D        | Reached skill level 12 in Long Blades
  1099 | D        | Paralysed by a floating eye for 4 turns
  1102 | D        | Noticed an orange demon
  1103 | D        | Noticed a smoke demon
  1105 | D        | Killed a kobold demonologist
  1105 | D        | Reached **** piety under Trog
  1105 | D        | Reached XP level 8. HP: 71/80 MP: 8/8
  1106 | D        | Reached skill level 13 in Long Blades
  1145 | D        | Noticed a demonic crawler
  1145 | D        | Noticed a demonic crawler
  1145 | D        | Noticed a demonic crawler
  1145 | D        | Noticed a demonic crawler
  1155 | D        | HP: 5/121 [demonic crawler (12)]
  1156 | D        | Slain by a demonic crawler

Skill      XL: |  1  2  3  4  5  6  7  8 |
---------------+-------------------------+-----
Fighting       | 4 6 7 9 10 | 10.6
Long Blades    | 5 7 9 11 12 13 | 13.0
Dodging        | 4 5 7 8 |  8.4

Action                   |  1- 3 |  4- 6 |  7- 9 || total
-------------------------+-------+-------+-------++-------
Melee: Falchion          |    34 |    31 |       ||    65
       Tailslap          |     2 |     7 |     2 ||    11
       Scimitar          |       |     7 |     7 ||    14
Invok: Berserk           |     1 |       |     1 ||     2
       Trog's Hand       |       |       |     3 ||     3
  Eat: Ration            |       |       |     1 ||     1
Armor: Skin              |    17 |     2 |     5 ||    24
Dodge: Dodged            |     8 |    14 |    20 ||    42
       Rpst.: Falchion   |     4 |     2 |       ||     6
       Scimitar          |       |     1 |     1 ||     2
